TOP OF THE 1ST |
Bradenton Marauders batting - Pitching for Salem Red Sox : RHP Pedro Fuentes
|
Pitching: RHP Pedro Fuentes
|
|
Batting: RHB Zachery Loomis
|
0-0: Ball 1-0: Foul Ball, location: 25FF 1-1: Foul Ball, location: 2RF 1-2: Foul Ball, location: 9LSF 1-2: Strikes out looking
|
Batting: LHB Tommie Benefield
|
0-0: Ground out 6-3 (Groundball, 6, EV 86.9 MPH)
|
Batting: LHB Sun-wei Kuai
|
0-0: Ball 1-0: Foul Ball, location: 3F 1-1: Ball 2-1: Ball 3-1: Fly out, F5 (Popup, 56, EV 63.1 MPH)
|
Top of the 1st over - 0 runs, 0 hits, 0 errors, 0 left on base; Bradenton 0 - Salem 0 |
BOTTOM OF THE 1ST |
Salem Red Sox batting - Pitching for Bradenton Marauders : RHP Pablo Ramirez
|
Pitching: RHP Pablo Ramirez
|
|
Now at SS: Matt Rangel
|
|
Now in CF: Ryan Thurston
|
|
Batting: LHB Eric Gaugler
|
0-0: Ball 1-0: Ground out 4-3 (Groundball, 4, EV 106.9 MPH)
|
Batting: LHB Eddie Noon
|
0-0: Ball 1-0: Called Strike 1-1: Called Strike 1-2: Ground out 4-3 (Groundball, 4, EV 83.8 MPH)
|
Batting: RHB Willie Camacho
|
0-0: Ball 1-0: Fly out, F6 (Line Drive, 6, EV 69.4 MPH)
|
Bottom of the 1st over - 0 runs, 0 hits, 0 errors, 0 left on base; Bradenton 0 - Salem 0 |
TOP OF THE 2ND |
Bradenton Marauders batting - Pitching for Salem Red Sox : RHP Pedro Fuentes
|
Batting: RHB Matt Rangel
|
0-0: Ball 1-0: Fly out, F7 (Flyball, 7LS, EV 98.1 MPH)
|
Batting: LHB Damien Cohen
|
0-0: Foul Ball, location: 2F 0-1: Called Strike 0-2: Strikes out swinging
|
Batting: RHB Ryan Thurston
|
0-0: Ball 1-0: Foul Ball, location: 5F 1-1: Foul Ball, location: 9LDF 1-2: Fly out, F9 (Line Drive, 9, EV 102.5 MPH)
|
Top of the 2nd over - 0 runs, 0 hits, 0 errors, 0 left on base; Bradenton 0 - Salem 0 |
BOTTOM OF THE 2ND |
Salem Red Sox batting - Pitching for Bradenton Marauders : RHP Pablo Ramirez
|
Batting: LHB Joe Martens
|
0-0: Swinging Strike 0-1: Swinging Strike 0-2: Strikes out swinging, 2-3 out at first.
|
Batting: RHB Bakhtiar Asadov
|
0-0: Ball 1-0: Ball 2-0: Ball 3-0: Called Strike 3-1: Foul Ball, location: 5F 3-2: Foul Ball, location: 25F 3-2: Base on Balls
|
Batting: LHB Alexis Toxqui
|
0-0: Called Strike 0-1: Ball 1-1: Fielders Choice at 2nd, 4-6 (Groundball, 4M, EV 103.8 MPH)
|
Batting: SHB Mel Gonzalez
|
0-0: Called Strike 0-1: Foul Ball, location: 7LSF 0-2: Strikes out swinging
|
Bottom of the 2nd over - 0 runs, 0 hits, 0 errors, 1 left on base; Bradenton 0 - Salem 0 |
TOP OF THE 3RD |
Bradenton Marauders batting - Pitching for Salem Red Sox : RHP Pedro Fuentes
|
Batting: SHB Thad Shearing
|
0-0: Foul Ball, location: 5F 0-1: Foul Ball, location: 2F 0-2: Ball 1-2: TRIPLE (Line Drive, 89XD, EV 98.1 MPH)
|
Batting: RHB Joe Stepnowski
|
0-0: Ball 1-0: SINGLE (Line Drive, 5D, EV 68.8 MPH) Thad Shearing scores
|
Batting: LHB Sean Driscoll
|
0-0: Bunted foul 0-1: Ball 1-1: Sac Bunt to 5S - play at first, batter OUT! 5-4 Joe Stepnowski to second
|
Batting: RHB Zachery Loomis
|
0-0: Ball 1-0: Ball 2-0: Foul Ball, location: 5SF 2-1: Foul Ball, location: 3F 2-2: Foul Ball, location: 5FF 2-2: Ball 3-2: Base on Balls
|
Batting: LHB Tommie Benefield
|
0-0: Grounds into double play, 4-6-3 (Groundball, 4, EV 103.1 MPH)
|
Top of the 3rd over - 1 run, 2 hits, 0 errors, 1 left on base; Bradenton 1 - Salem 0 |
BOTTOM OF THE 3RD |
Salem Red Sox batting - Pitching for Bradenton Marauders : RHP Pablo Ramirez
|
Batting: LHB Makoto Shimazu
|
0-0: Called Strike 0-1: Ball 1-1: Called Strike 1-2: Foul Ball, location: 2F 1-2: Foul Ball, location: 2RF 1-2: Strikes out swinging
|
Batting: LHB Darby Starburster
|
0-0: SINGLE (Groundball, 6, EV 86.9 MPH)
|
Batting: LHB Eric Gaugler
|
0-0: Fly out, F8 (Line Drive, 8LD, EV 105.0 MPH)
|
Batting: LHB Eddie Noon
|
0-0: Ball 1-0: Swinging Strike 1-1: Ball 2-1: Ball 3-1: Base on Balls Darby Starburster to second
|
Batting: RHB Willie Camacho
|
0-0: Ball 1-0: Called Strike 1-1: 3-RUN HOME RUN (Flyball, 78XD, EV 103.8 MPH), Distance : 423 ft
|
Batting: LHB Joe Martens
|
0-0: Ball 1-0: Foul Ball, location: 3F 1-1: Ball 2-1: Foul Ball, location: 23FF 2-2: Ball 3-2: SINGLE (Line Drive, 7S, EV 110.6 MPH)
|
Batting: RHB Bakhtiar Asadov
|
0-0: Ball 1-0: Ball 2-0: Foul Ball, location: 3DF 2-1: Foul Ball, location: 25FF 2-2: Foul Ball, location: 2F 2-2: Foul Ball, location: 23FF 2-2: Ball 3-2: Base on Balls Joe Martens to second
|
Batting: LHB Alexis Toxqui
|
0-0: Ground out 4-3 (Groundball, 4, EV 86.3 MPH)
|
Bottom of the 3rd over - 3 runs, 3 hits, 0 errors, 2 left on base; Bradenton 1 - Salem 3 |
TOP OF THE 4TH |
Bradenton Marauders batting - Pitching for Salem Red Sox : RHP Pedro Fuentes
|
Batting: LHB Sun-wei Kuai
|
0-0: Ball 1-0: Foul Ball, location: 7LMF 1-1: Foul Ball, location: 25F 1-2: Ball 2-2: Ball 3-2: Foul Ball, location: 2F 3-2: Base on Balls
|
Batting: RHB Matt Rangel
|
0-0: Called Strike 0-1: Grounds into double play, 6-4-3 (Groundball, 6, EV 104.4 MPH)
|
Batting: LHB Damien Cohen
|
0-0: Ball 1-0: Foul Ball, location: 2F 1-1: Swinging Strike 1-2: Ball 2-2: Ball 3-2: Foul Ball, location: 23F 3-2: Strikes out swinging
|
Top of the 4th over - 0 runs, 0 hits, 0 errors, 0 left on base; Bradenton 1 - Salem 3 |
BOTTOM OF THE 4TH |
Salem Red Sox batting - Pitching for Bradenton Marauders : RHP Pablo Ramirez
|
Batting: SHB Mel Gonzalez
|
0-0: Called Strike 0-1: Foul Ball, location: 3FF 0-2: Strikes out swinging
|
Batting: LHB Makoto Shimazu
|
0-0: Foul Ball, location: 5FF 0-1: Ball 1-1: Foul Ball, location: 3DF 1-2: Strikes out swinging
|
Batting: LHB Darby Starburster
|
0-0: Ball 1-0: Ball 2-0: Ball 3-0: Called Strike 3-1: Ground out U3 (Groundball, 3, EV 93.1 MPH)
|
Bottom of the 4th over - 0 runs, 0 hits, 0 errors, 0 left on base; Bradenton 1 - Salem 3 |
TOP OF THE 5TH |
Bradenton Marauders batting - Pitching for Salem Red Sox : RHP Pedro Fuentes
|
Batting: RHB Ryan Thurston
|
0-0: Reaches on Catchers interference
|
Batting: SHB Thad Shearing
|
0-0: Ball Ryan Thurston is caught stealing 2nd base 2-6 1-0: Ground out 1-3 (Groundball, P, EV 69.4 MPH)
|
Batting: RHB Joe Stepnowski
|
0-0: Called Strike 0-1: Called Strike 0-2: Foul Ball, location: 9LMF 0-2: Strikes out swinging
|
Top of the 5th over - 0 runs, 0 hits, 1 error, 0 left on base; Bradenton 1 - Salem 3 |
BOTTOM OF THE 5TH |
Salem Red Sox batting - Pitching for Bradenton Marauders : RHP Pablo Ramirez
|
Batting: LHB Eric Gaugler
|
0-0: Ball 1-0: SINGLE (Line Drive, 9S, EV 87.5 MPH)
|
Batting: LHB Eddie Noon
|
0-0: Ball 1-0: Bunt - Flyout to 15! F1
|
Batting: RHB Willie Camacho
|
0-0: Called Strike 0-1: Ball 1-1: Ground out 5-3 (Groundball, 56S, EV 69.4 MPH) Eric Gaugler to second
|
Batting: LHB Joe Martens
|
0-0: Called Strike 0-1: Fly out, F7 (Flyball, 78S, EV 90.6 MPH)
|
Bottom of the 5th over - 0 runs, 1 hit, 0 errors, 1 left on base; Bradenton 1 - Salem 3 |
TOP OF THE 6TH |
Bradenton Marauders batting - Pitching for Salem Red Sox : RHP Pedro Fuentes
|
Batting: LHB Sean Driscoll
|
0-0: Ball 1-0: Swinging Strike 1-1: Ball 2-1: Ball 3-1: Fly out, F8 (Line Drive, 8LD, EV 95.0 MPH)
|
Batting: RHB Zachery Loomis
|
0-0: Fly out, F6 (Line Drive, 56, EV 70.6 MPH)
|
Batting: LHB Tommie Benefield
|
0-0: Called Strike 0-1: Foul Ball, location: 2F 0-2: Ground out 4-3 (Groundball, 4, EV 106.3 MPH)
|
Top of the 6th over - 0 runs, 0 hits, 0 errors, 0 left on base; Bradenton 1 - Salem 3 |
BOTTOM OF THE 6TH |
Salem Red Sox batting - Pitching for Bradenton Marauders : RHP Pablo Ramirez
|
Pitching: RHP Ray Maki
|
|
Batting: RHB Bakhtiar Asadov
|
0-0: Ball 1-0: Ball 2-0: Swinging Strike 2-1: Ball 3-1: DOUBLE (Line Drive, 8RXD, EV 110.0 MPH) - OUT at third base trying to stretch hit.
|
Batting: LHB Alexis Toxqui
|
0-0: Called Strike 0-1: Ball 1-1: Ball 2-1: Ball 3-1: Swinging Strike 3-2: Strikes out swinging
|
Batting: SHB Mel Gonzalez
|
0-0: Ball 1-0: Called Strike 1-1: Swinging Strike 1-2: Strikes out swinging
|
Bottom of the 6th over - 0 runs, 1 hit, 0 errors, 0 left on base; Bradenton 1 - Salem 3 |
TOP OF THE 7TH |
Bradenton Marauders batting - Pitching for Salem Red Sox : RHP Pedro Fuentes
|
Batting: LHB Sun-wei Kuai
|
0-0: Ball 1-0: SINGLE (Groundball, 56D, EV 95.0 MPH)
|
Batting: RHB Matt Rangel
|
0-0: Ball 1-0: Fielders Choice at 2nd, 6-4 (Groundball, 6MD, EV 106.3 MPH)
|
Pinch Hitting: RHB Matt Derrien
|
0-0: Ball 1-0: DOUBLE (Groundball, 5L, EV 96.3 MPH) Matt Rangel to third Runner from 3rd tries for Home, SAFE, throw by LF to home
|
Batting: RHB Ryan Thurston
|
0-0: Ground out 6-3 (Groundball, 6, EV 85.6 MPH)
|
Batting: SHB Thad Shearing
|
0-0: Called Strike 0-1: Ball 1-1: Ball 2-1: Ball 3-1: Ground out 6-3 (Groundball, 6, EV 78.1 MPH)
|
Top of the 7th over - 1 run, 2 hits, 0 errors, 1 left on base; Bradenton 2 - Salem 3 |
BOTTOM OF THE 7TH |
Salem Red Sox batting - Pitching for Bradenton Marauders : RHP Ray Maki
|
Now at 1B: Oscar Munoz
|
|
Batting: LHB Makoto Shimazu
|
0-0: Ball 1-0: Called Strike 1-1: Swinging Strike 1-2: Strikes out swinging
|
Batting: LHB Darby Starburster
|
0-0: Called Strike 0-1: Foul Ball, location: 7LSF 0-2: Strikes out swinging, 2-3 out at first.
|
Batting: LHB Eric Gaugler
|
0-0: Ball 1-0: Called Strike 1-1: Called Strike 1-2: Ball 2-2: Foul Ball, location: 3DF 2-2: Strikes out swinging
|
Bottom of the 7th over - 0 runs, 0 hits, 0 errors, 0 left on base; Bradenton 2 - Salem 3 |
TOP OF THE 8TH |
Bradenton Marauders batting - Pitching for Salem Red Sox : RHP Pedro Fuentes
|
Pitching: RHP Ross Ratcliffe
|
|
Batting: RHB Joe Stepnowski
|
0-0: Ball 1-0: Ground out 6-3 (Groundball, 56, EV 84.4 MPH)
|
Batting: RHB Jason Rhodes
|
0-0: Ball 1-0: Called Strike 1-1: Foul Ball, location: 2F 1-2: Strikes out looking
|
Batting: RHB Zachery Loomis
|
0-0: Swinging Strike 0-1: Swinging Strike 0-2: Strikes out swinging
|
Top of the 8th over - 0 runs, 0 hits, 0 errors, 0 left on base; Bradenton 2 - Salem 3 |
BOTTOM OF THE 8TH |
Salem Red Sox batting - Pitching for Bradenton Marauders : RHP Ray Maki
|
Pitching: RHP Justin Todorovich
|
|
Batting: LHB Eddie Noon
|
0-0: Called Strike 0-1: Ground out 5-3 (Groundball, 5, EV 105.6 MPH)
|
Batting: RHB Willie Camacho
|
0-0: SOLO HOME RUN (Flyball, 8LXD, EV 111.3 MPH), Distance : 440 ft
|
Batting: LHB Joe Martens
|
0-0: Swinging Strike 0-1: Swinging Strike 0-2: Foul Ball, location: 3FF 0-2: Strikes out swinging
|
Batting: RHB Bakhtiar Asadov
|
0-0: Ball 1-0: Ball 2-0: Ground out 6-3 (Groundball, 6, EV 83.8 MPH)
|
Bottom of the 8th over - 1 run, 1 hit, 0 errors, 0 left on base; Bradenton 2 - Salem 4 |
TOP OF THE 9TH |
Bradenton Marauders batting - Pitching for Salem Red Sox : RHP Ross Ratcliffe
|
Pitching: RHP Paul Carter
|
|
Pinch Hitting: SHB Jiong Qi
|
0-0: Called Strike 0-1: Called Strike 0-2: Foul Ball, location: 7LSF 0-2: Foul Ball, location: 23FF 0-2: Foul Ball, location: 7LMF 0-2: Strikes out swinging
|
Batting: LHB Sun-wei Kuai
|
0-0: Ball 1-0: Foul Ball, location: 2F 1-1: Fly out, F9 (Flyball, 9S, EV 90.0 MPH)
|
Batting: RHB Matt Rangel
|
0-0: Called Strike 0-1: Ball 1-1: Swinging Strike 1-2: Foul Ball, location: 23FF 1-2: Foul Ball, location: 5FF 1-2: Strikes out swinging
|
Top of the 9th over - 0 runs, 0 hits, 0 errors, 0 left on base; Bradenton 2 - Salem 4 |
|